 Dungeon Crawl Stone Soup version 0.22.1-1-ga44c0e5 (webtiles) character file.

54804 brandon the Bludgeoner (level 14, -5/130 HPs)
             Began as a Minotaur Berserker on Oct 1, 2018.
             Was the Champion of Trog.
             Slain by an orc knight
             ... wielding a +0 halberd
              (7 damage)
             ... on level 2 of the Orcish Mines.
             The game lasted 01:01:05 (19845 turns).

brandon the Bludgeoner (Minotaur Berserker)        Turns: 19845, Time: 01:01:07

Health: -5/130     AC: 23    Str: 22    XL:     14   Next: 35%
Magic:  0/4        EV: 17    Int:  8    God:    Trog [******]
Gold:   1847       SH:  0    Dex: 21    Spells: 13/13 levels left

rFire    + . .     SeeInvis .   l - +5 great mace (antimagic)
rCold    . . .     Gourm    .   (shield currently unavailable)
rNeg     . . .     Faith    +   D - +2 chain mail {rC+}
rPois    .         Spirit   +   (helmet restricted)
rElec    .         Reflect  .   C - scarf {Spirit}
rCorr    .         Harm     .   v - +5 pair of gloves "Meshragu" {Int+4}
MR       +....                  M - +0 pair of boots
Stlth    ..........             U - amulet of faith
HPRegen  0.31/turn              s - ring of fire
MPRegen  0.09/turn              W - +6 ring of dexterity

@: berserk cooldown, slowed, very slow
A: retaliatory headbutt, horns 2
a: Berserk, Trog's Hand, Brothers in Arms, Renounce Religion


You were on level 2 of the Orcish Mines.
You worshipped Trog.
Trog was exalted by your worship.
You were near starving.

You visited 3 branches of the dungeon, and saw 20 of its levels.

You collected 1847 gold pieces.

Inventory:

Hand Weapons
 b - a +0 battleaxe
 l - a +5 antimagic great mace (weapon)
 Z - a +1 antimagic flail
Armour
 v - the +5 pair of gloves "Meshragu" (worn) {Int+4}
   (You found it on level 11 of the Dungeon)

   It affects your intelligence (+4).
 C - a scarf of spirit shield (worn)
 D - a +2 chain mail of cold resistance (worn)
 M - a +0 pair of boots (worn)
 T - the +3 warlock's mirror {reflect}
   (You found it on level 3 of the Lair of Beasts)
Jewellery
 k - an uncursed ring of protection from magic
 s - a ring of fire (left hand)
 R - an uncursed ring of ice
 U - an amulet of faith (around neck)
 W - a +6 ring of dexterity (right hand)
Wands
 a - a wand of enslavement (12)
 m - a wand of digging (25)
 t - a wand of flame (79)
 H - a wand of acid (16)
 L - a wand of iceblast (32)
 Q - a wand of scattershot (3)
Scrolls
 e - 8 scrolls of teleportation
 f - 14 scrolls of remove curse
 q - 2 scrolls of enchant weapon {unknown}
 r - 4 scrolls of identify
 u - 3 scrolls of immolation
 w - 4 scrolls of amnesia {unknown}
 y - 4 scrolls of fear
 z - 4 scrolls of fog
 B - 4 scrolls of vulnerability
 E - a scroll of magic mapping {unknown}
 F - 3 scrolls of summoning {unknown}
 J - a scroll of noise {unknown}
 K - 3 scrolls of enchant armour {unknown}
Potions
 d - 4 potions of agility
 h - 5 potions of curing
 i - a potion of brilliance
 j - 3 potions of heal wounds
 n - 7 potions of degeneration
 o - 4 potions of lignification
 p - 6 potions of haste
 x - 2 potions of ambrosia
 A - 3 potions of mutation
 I - a potion of cancellation
 N - 3 potions of invisibility
 S - 3 potions of might
 Y - a potion of berserk rage
Comestibles
 c - 31 rations


   Skills:
 + Level 13.7 Fighting
 - Level 11.6(14.7) Axes
 * Level 15.1(16.4) Maces & Flails
 + Level 13.5 Armour
 + Level 12.5 Dodging


You had 13 spell levels left.
You didn't know any spells.
Your spell library contained the following spells:

 Spells                   Type           Power        Failure   Level  Hunger
 Corona                   Hex            #......      91%         1    ##.....
 Flame Tongue             Conj/Fire      #....        91%         1    ##.....
 Magic Dart               Conj           #...         91%         1    ##.....
 Blink                    Tloc           N/A          97%         2    ###....
 Call Imp                 Summ           #.......     97%         2    ###....
 Slow                     Hex            #.......     97%         2    ###....
 Throw Flame              Conj/Fire      #.....       97%         2    ###....
 Conjure Flame            Conj/Fire      #.......     100%        3    ####...
 Inner Flame              Hex/Fire       #.......     100%        3    ####...
 Mephitic Cloud           Conj/Pois/Air  #.......     100%        3    ####...
 Portal Projectile        Hex/Tloc       #.....       100%        3    ####...
 Cause Fear               Hex            #.........   100%        4    #####..
 Leda's Liquefaction      Hex/Erth       #.........   100%        4    #####..
 Sticky Flame             Conj/Fire      #.......     100%        4    #####..
 Bolt of Magma            Conj/Fire/Erth #.........   100%        5    ######.
 Fireball                 Conj/Fire      #.........   100%        5    ######.
 Iron Shot                Conj/Erth      #.........   100%        6    #######
 Statue Form              Tmut/Erth      #........    100%        6    #######
 Shatter                  Erth           #.........   100%        9    #######


Dungeon Overview and Level Annotations

Branches:
Dungeon (12/15)            Temple (0/1) D:5            Lair (6/6) D:9
 Shoals (0/4) Lair:2        Snake (0/4) Lair:2        Slime (0/5) Lair:5
    Orc (2/2) D:12            Elf (0/3) Orc:2

Altars:
Fedhas
Ru
Sif Muna
Uskayaw
The Shining One
Beogh
Jiyva

Shops:
D:6 *   D:9 (   D:11 (   Orc:2 :

Annotations:
D:12 1 transporter
Lair:5 exclusion: oklob plant


Innate Abilities, Weirdness & Mutations

You reflexively headbutt those who attack you in melee.
You have a pair of horns on your head.


Message History

You hit the orc warrior but do no damage.
The orc warrior is lightly wounded.
The orc knight closely misses you.
The orc high priest utters an invocation to Beogh.
The orc warrior barely misses you.
You hear a shout!
Your troll goes berserk!
You are near starving!
You hear a shout! x2
The orc knight hits you with a halberd.
* * * LOW HITPOINT WARNING * * *
The orc high priest misses you.
The orc warrior hits you with a battleaxe!!
* * * LOW HITPOINT WARNING * * *
The orc warrior hits you with a trident!
* * * LOW HITPOINT WARNING * * *
The orc warrior hits you with a glaive.
* * * LOW HITPOINT WARNING * * *
The orc knight hits you with a halberd!
You die...

########.#################
######.###### #..##.##
#...........### #......#
...####.####...## #.....##
#.######..###.....#
#.#...###.)##.....####
#.#..o..##.##..#...#.##
#.#...44o#)##.#.......#
... #o.@o##.........# ..
##oo###........## #T.#
#......#### ....#
#.......#.## .##..#
#......#...# # ..##
#.....#...## .∩#
##)).......# ##
#.()......## #.))......#


You could see 2 orc knights, an orc high priest, a hellwing, a chaos spawn, 3
orc warriors and a friendly troll (berserk).

Vanquished Creatures
  An orc warlord (Orc:1)
  A fire dragon (Lair:6)
  The ghost of gbos the Nimble, a journeyman DDTm of Makhleb (Lair:4)
  Erolcha (Orc:2)
  Fannar (Lair:1)
  7 hydras
  An orc high priest (Orc:2)
  3 death yaks (Lair:5)
  Urug (Lair:3)
  2 orc knights
  A lindwurm (Lair:6)
  A deep elf mage (D:6)
  An ugly thing (D:11)
  9 black mambas
  15 elephants
  Joseph (D:7)
  9 spiny frogs
  3 molten gargoyles (Lair:6)
  9 komodo dragons
  2 rime drakes
  2 trolls
  Grinder (D:4)
  The ghost of Folque the Slinger, an amateur HaHu (D:3)
  2 hippogriffs (Lair:3)
  3 blink frogs (Lair:6)
  A spriggan (Lair:5)
  37 yaks
  9 wyverns
  A wraith (D:11)
  7 basilisks
  2 steam dragons (Lair:6)
  Eustachio (D:4)
  4 wargs
  Menkaure (D:6)
  19 water moccasins
  6 porcupines
  4 hell hounds (Lair:6)
  3 black bears
  A hornet zombie (D:11)
  2 ice beasts
  24 orc warriors
  2 sky beasts
  10 ogres
  A necrophage (D:11)
  3 phantoms
  14 centaurs
  16 wolves
  3 big kobolds
  5 crocodiles
  17 bullfrogs
  Blork the orc (D:4)
  4 scorpions
  4 killer bees (D:11)
  3 howler monkeys
  5 wights (D:6)
  3 electric eels (Lair:3)
  A bullfrog zombie (D:7)
  2 centaur zombies
  2 lava snakes (Lair:6)
  5 crimson imps
  6 hounds
  2 jellies
  Crazy Yiuf (D:7)
  2 bullfrog skeletons
  19 orc priests
  Jessica (D:2)
  Terence (D:2)
  6 iguanas
  Ijyb (D:4)
  20 orc wizards
  9 worker ants
  2 killer bee zombies
  3 hound zombies
  2 worker ant zombies
  A howler monkey zombie (D:10)
  3 gnolls (Orc:1)
  2 howler monkey skeletons
  14 adders
  A shadow imp (D:7)
  An ooze (D:4)
  An adder zombie (D:8)
  3 worms
  2 dart slugs
  4 leopard geckos
  83 orcs
  5 giant cockroaches
  5 hobgoblins
  13 jackals
  18 kobolds
  2 quokkas
  3 ball pythons
  4 bats
  2 frilled lizards
  7 goblins
  A jackal skeleton (D:4)
  2 leopard gecko zombies
  9 rats
  2 plants
565 creatures vanquished.

Vanquished Creatures (collateral kills)
  A two-headed ogre (D:9)
  A death yak (Lair:5)
  A wyvern (D:9)
  An acid dragon (D:9)
  An orc warrior (D:12)
  A lava snake (Lair:6)
  An orc priest (D:12)
  2 orc wizards (D:8)
  4 orcs (D:12)
13 creatures vanquished.

Vanquished Creatures (others)
  An orc priest (D:12)
  A bush (Lair:6)
  4 fungi
  12 plants
18 creatures vanquished.

Grand Total: 596 creatures vanquished

Notes
Turn   | Place    | Note
-------+----------+-------------------------------------------
     0 | D:1      | brandon the Minotaur Berserker began the quest for the Orb.
     0 | D:1      | Reached XP level 1. HP: 19/19 MP: 0/0
   263 | D:1      | Reached XP level 2. HP: 10/27 MP: 1/1
   780 | D:1      | Found a blossoming altar of Fedhas.
   965 | D:2      | Noticed Jessica
   970 | D:2      | Killed Jessica
   970 | D:2      | Reached XP level 3. HP: 33/33 MP: 2/2
  1015 | D:2      | Noticed Terence
  1026 | D:2      | Killed Terence
  1026 | D:2      | Reached XP level 4. HP: 22/40 MP: 3/3
  1170 | D:2      | Reached ** piety under Trog
  2020 | D:3      | Reached skill level 5 in Axes
  2479 | D:3      | Found a runed door.
  2479 | D:3      | Noticed an ice beast
  2479 | D:3      | Noticed Folque's ghost (amateur HaHu)
  2492 | D:3      | Killed an ice beast
  2492 | D:3      | Reached XP level 5. HP: 47/47 MP: 4/4
  2498 | D:3      | Killed Folque's ghost
  2498 | D:3      | Reached skill level 5 in Fighting
  2498 | D:3      | Reached XP level 6. HP: 47/56 MP: 5/5
  2723 | D:4      | Noticed Ijyb
  2733 | D:4      | Killed Ijyb
  2929 | D:4      | Reached *** piety under Trog
  3229 | D:4      | Reached XP level 7. HP: 49/61 MP: 6/6
  3374 | D:4      | Noticed Blork the orc
  3384 | D:4      | Killed Blork the orc
  3454 | D:4      | Noticed Eustachio
  3465 | D:4      | Killed Eustachio
  3465 | D:4      | Reached skill level 5 in Armour
  3581 | D:4      | Noticed Grinder
  3590 | D:4      | Killed Grinder
  3590 | D:4      | Reached skill level 5 in Dodging
  3590 | D:4      | Reached XP level 8. HP: 71/71 MP: 7/7
  3904 | D:5      | Entered Level 5 of the Dungeon
  4024 | D:5      | Reached **** piety under Trog
  4150 | D:5      | Found a staircase to the Ecumenical Temple.
  4354 | D:5      | You fall through a shaft for 3 floors!
  4715 | D:7      | Reached XP level 9. HP: 75/79 MP: 8/8
  4820 | D:7      | Noticed Joseph
  4837 | D:7      | Killed Joseph
  4837 | D:7      | Reached skill level 10 in Axes
  5052 | D:7      | Found a deep blue altar of Sif Muna.
  5052 | D:7      | Found a sacrificial altar of Ru.
  5059 | D:7      | Found a glowing golden altar of the Shining One.
  5059 | D:7      | Found a hide-covered altar of Uskayaw.
  5153 | D:7      | Found a runed door.
  5157 | D:7      | Noticed Crazy Yiuf
  5160 | D:7      | Killed Crazy Yiuf
  5541 | D:6      | Noticed Menkaure
  5545 | D:6      | Killed Menkaure
  5894 | D:6      | Found Eshraschie's Assorted Antiques.
  6051 | D:6      | Reached ***** piety under Trog
  6137 | D:6      | Noticed a deep elf mage
  6148 | D:6      | Killed a deep elf mage
  6148 | D:6      | Reached XP level 10. HP: 60/90 MP: 6/9
  7192 | D:9      | Found Daobagh's Antique Weapon Emporium.
  7302 | D:9      | Got a jewelled spear
  7303 | D:9      | Identified the +10 spear "Kimoci" {pierce, Str+2} (You
                  | found it on level 9 of the Dungeon)
  7668 | D:9      | Reached skill level 1 in Maces & Flails
  7759 | D:9      | Reached skill level 2 in Maces & Flails
  7837 | D:9      | Noticed a two-headed ogre
  7848 | D:9      | Killed a two-headed ogre
  7848 | D:9      | Reached skill level 3 in Maces & Flails
  7904 | D:9      | Reached skill level 4 in Maces & Flails
  7971 | D:9      | Found a staircase to the Lair.
  8104 | D:10     | Entered Level 10 of the Dungeon
  9148 | D:11     | Reached skill level 5 in Maces & Flails
  9198 | D:11     | Found a hide-covered altar of Uskayaw.
  9278 | D:11     | Noticed a cyan ugly thing
  9287 | D:11     | Killed a cyan ugly thing
  9403 | D:11     | Reached skill level 6 in Maces & Flails
  9403 | D:11     | Reached XP level 11. HP: 99/99 MP: 8/10
  9417 | D:11     | Reached skill level 10 in Fighting
  9421 | D:11     | Found Apufecza's Antique Weapon Shop.
  9489 | D:11     | Got a pair of bloodstained gloves
  9495 | D:11     | Identified the +5 pair of gloves "Meshragu" {Int+4} (You
                  | found it on level 11 of the Dungeon)
  9687 | D:11     | Received a gift from Trog
  9952 | Lair:1   | Entered Level 1 of the Lair of Beasts
  9952 | Lair:1   | Noticed a five-headed hydra
  9967 | Lair:1   | Killed a five-headed hydra
  9967 | Lair:1   | Reached skill level 7 in Maces & Flails
 10014 | Lair:1   | Noticed Fannar
 10023 | Lair:1   | Killed Fannar
 10035 | Lair:1   | Reached skill level 10 in Armour
 10176 | Lair:1   | Noticed a five-headed hydra
 10178 | Lair:1   | Reached skill level 8 in Maces & Flails
 10185 | Lair:1   | Killed a five-headed hydra
 10580 | Lair:1   | Reached skill level 9 in Maces & Flails
 11118 | Lair:2   | Reached skill level 10 in Dodging
 11118 | Lair:2   | Reached XP level 12. HP: 62/110 MP: 1/11
 11299 | Lair:2   | Found a staircase to the Shoals.
 11329 | Lair:2   | Reached skill level 10 in Maces & Flails
 11495 | Lair:2   | Found a staircase to the Snake Pit.
 12311 | Lair:3   | Reached skill level 11 in Maces & Flails
 12333 | Lair:3   | Found the +3 warlock's mirror {reflect}
 12753 | Lair:3   | Noticed Urug
 12764 | Lair:3   | Killed Urug
 13208 | Lair:4   | Noticed gbos's ghost (journeyman DDTm)
 13238 | Lair:4   | Found a runed door.
 13258 | Lair:4   | Killed gbos's ghost
 13994 | Lair:5   | Noticed an eight-headed hydra
 14000 | Lair:5   | Killed an eight-headed hydra
 14000 | Lair:5   | Reached skill level 12 in Maces & Flails
 14089 | Lair:5   | Noticed a death yak
 14089 | Lair:5   | Noticed a death yak
 14096 | Lair:5   | Noticed a death yak
 14097 | Lair:5   | Noticed a four-headed hydra
 14115 | Lair:5   | Killed a death yak
 14118 | Lair:5   | Killed a four-headed hydra
 14124 | Lair:5   | Reached XP level 13. HP: 85/118 MP: 1/12
 14681 | Lair:5   | Found a viscous altar of Jiyva.
 14681 | Lair:5   | Found a staircase to the Slime Pits.
 15092 | Lair:6   | Entered Level 6 of the Lair of Beasts
 15165 | Lair:6   | Reached skill level 13 in Maces & Flails
 15569 | Lair:6   | Received a gift from Trog
 15784 | Lair:6   | Reached skill level 14 in Maces & Flails
 16117 | Lair:6   | Found a large runed door.
 16117 | Lair:6   | Found a large runed door.
 16131 | Lair:6   | Noticed a fire dragon
 16146 | Lair:6   | Killed a fire dragon
 16388 | Lair:6   | Reached XP level 14. HP: 129/129 MP: 3/13
 17278 | D:12     | Found a transporter.
 17291 | D:12     | Found a transporter.
 17676 | D:12     | Found a staircase to the Orcish Mines.
 18264 | Orc:1    | Entered Level 1 of the Orcish Mines
 18330 | Orc:1    | Received a gift from Trog
 18429 | Orc:1    | Found a roughly hewn altar of Beogh.
 18729 | Orc:2    | Entered Level 2 of the Orcish Mines
 18773 | Orc:2    | Noticed an orc warlord
 19156 | Orc:1    | Killed an orc warlord
 19359 | Orc:2    | Found a staircase to the Elven Halls.
 19359 | Orc:2    | Noticed Erolcha
 19359 | Orc:2    | Paralysed by Erolcha for 5 turns
 19369 | Orc:2    | Killed Erolcha
 19379 | Orc:2    | Reached ****** piety under Trog
 19381 | Orc:2    | Received a gift from Trog
 19574 | Orc:2    | Received a gift from Trog
 19609 | Orc:2    | Reached skill level 15 in Maces & Flails
 19632 | Orc:2    | Got a smoking dire flail {god gift}
 19635 | Orc:2    | Identified the +7 dire flail of Ruination {crush, Dex+4}
                  | (Trog gifted it to you on level 2 of the Orcish Mines)
 19799 | Orc:2    | Found Lonwyilu's Book Boutique.
 19845 | Orc:2    | HP: 3/130 [orc warrior/trident (15)]
 19845 | Orc:2    | Slain by an orc knight

Skill      XL: |  1  2  3  4  5  6  7  8  9 10 11 12 13 14 |
---------------+-------------------------------------------+-----
Axes           | 4 5 6 7 9 11 | 11.6
Fighting       | 4 5 6 7 8 9 11 12 13 | 13.7
Armour         | 3 4 5 6 8 9 10 11 13 | 13.5
Dodging        | 3 4 5 6 7 8 10 11 12 | 12.5
Maces & Flails | 6 9 12 14 15 | 15.1

Action                   |  1- 3 |  4- 6 |  7- 9 | 10-12 | 13-15 || total
-------------------------+-------+-------+-------+-------+-------++-------
Melee: Hand axe          |    42 |   128 |       |       |       ||   170
       Headbutt          |    12 |    17 |    54 |   148 |   115 ||   346
       Battleaxe         |       |     6 |   257 |    49 |       ||   312
       Mace              |       |       |       |   223 |       ||   223
       Great mace        |       |       |       |   316 |   499 ||   815
Invok: Berserk           |     1 |     1 |     1 |    13 |    15 ||    31
       Brothers in Arms  |       |       |     1 |     1 |     6 ||     8
  Use: Potion            |       |       |     2 |       |     1 ||     3
       Scroll            |       |       |       |     3 |    13 ||    16
  Eat: Chunk             |       |     9 |     7 |    15 |    17 ||    48
       Ration            |       |       |     1 |     7 |     5 ||    13
Armor: Animal skin       |     6 |    39 |       |       |       ||    45
       Chain mail        |       |     5 |   122 |   388 |   222 ||   737
       Plate armour      |       |       |    56 |       |       ||    56
Dodge: Dodged            |    41 |   101 |   132 |   538 |   444 ||  1256
